[Event "Early-Titled-Tuesday-Blitz-January-30-2024"]
[Site "Chess.com"]
[Date "2024.01.30"]
[Round "7"]
[White "Irishchessman16"]
[Black "ilushka"]
[Result "0-1"]
[WhiteElo "2493"]
[BlackElo "2353"]
[TimeControl "180+1"]
[EndTime "9:15:03 PST"]
[Termination "ilushka won by resignation"]

1. Nf3 d5 2. b3 f6 3. d4 c5 4. e3 Nc6 5. c4 cxd4 6. exd4 e6 7.
Be2 Bb4+ 8. Bd2 Bxd2+ 9. Qxd2 Nge7 10. Nc3 O-O 11. O-O b6 12. Rac1 Bb7 13. Rfd1 Rc8 14.
Bf1 Qd7 15. Ne1 Rfd8 16. Nc2 dxc4 17. bxc4 Na5 18. Ne3 Ba6 19. Nb5 Nxc4 20. Nxc4 Bxb5 21. Qb4 Nd5 22. Qb3 Ba4 0-1

[Event "Early-Titled-Tuesday-Blitz-January-30-2024"]
[Site "Chess.com"]
[Date "2024.01.30"]
[Round "7"]
[White "dianamirza"]
[Black "toog"]
[Result "0-1"]
[WhiteElo "1990"]
[BlackElo "2584"]
[TimeControl "180+1"]
[EndTime "9:15:04 PST"]
[Termination "toog won by checkmate"]

1. d4 b6 2. c4 Bb7 3. Nc3 e6 4. e4 Bb4 5. Nf3 Bxe4 6. Bd3 Bxd3 7. Qxd3 Nf6 8. O-O d6 9. Bg5 Bxc3 10. bxc3 Nbd7 11.
Rfe1 O-O 12. d5 e5 13. Bxf6 Qxf6 14. Re4 c5 15. dxc6 Nc5 16. Qe3 Nxe4 17. Qxe4 Rac8 18.
Rd1 Rfd8 19. Qg4 Rxc6 20. h4 h6 21. h5 Rdc8 22. Qd7 R6c7 23. Qxd6 Qxd6 24. Rxd6 Rxc4 25.
Nxe5 Rxc3 26. Rd7 R3c5 27. Nxf7 Rxh5 28. Rxa7 Rc1# 0-1

[Event "Early-Titled-Tuesday-Blitz-January-30-2024"]
[Site "Chess.com"]
[Date "2024.01.30"]
[Round "7"]
[White "Maftuna2303"]
[Black "akanga001"]
[Result "1-0"]
[WhiteElo "2420"]
[BlackElo "1976"]
[TimeControl "180+1"]
[EndTime "9:15:13 PST"]
[Termination "Maftuna2303 won by resignation"]

1. e4 e6 2. d4 d5 3. e5 c5 4. c3 Nc6 5. Nf3 Bd7 6. Bd3 a5 7. O-O Qb6 8. Bc2 cxd4 9. cxd4 Rc8 10. Nc3 Nb4 11. Bb1 Ne7 12. a3 Na6 13. Bd3 Nf5 14. Na4 Bxa4 15. Qxa4+ Kd8 16. Bd2 Nc7 17. Bxa5 Qc6 18.
Qb3 Be7 19. Rac1 Qe8 20. Qxb7 Qd7 21. Bb5 1-0

[Event "Early-Titled-Tuesday-Blitz-January-30-2024"]
[Site "Chess.com"]
[Date "2024.01.30"]
[Round "7"]
[White "PepeCuenca"]
[Black "AustinThomas12345"]
[Result "1-0"]
[WhiteElo "2664"]
[BlackElo "2502"]
[TimeControl "180+1"]
[EndTime "9:15:17 PST"]
[Termination "PepeCuenca won by resignation"]

1. d4 Nf6 2. c4 g6 3. Nc3 d5 4.
Nf3 Bg7 5. cxd5 Nxd5 6. e4 Nxc3 7. bxc3 c5 8. Be3 O-O 9. Be2 Bg4 10. O-O cxd4 11.
cxd4 Nc6 12. d5 Bxf3 13. Bxf3 Ne5 14. Be2 Rc8 15. Qb3 b6 16. Rac1 Qd7 17. Bb5 Qg4 18.
f4 Rxc1 19. Bxc1 Nd7 20. h3 Bd4+ 21. Kh1 1-0

[Event "Early-Titled-Tuesday-Blitz-January-30-2024"]
[Site "Chess.com"]
[Date "2024.01.30"]
[Round "7"]
[White "mitrabhaa"]
[Black "tacticthunder"]
[Result "0-1"]
[WhiteElo "2911"]
[BlackElo "2818"]
[TimeControl "180+1"]
[EndTime "9:15:29 PST"]
[Termination "tacticthunder won by resignation"]

1. Nf3 Nf6 2. c4 c5 3. g3 Nc6 4. Bg2 e5 5. Nc3 g6 6. d3 Bg7 7. Bg5 O-O 8. O-O h6 9. Bxf6 Bxf6 10. a3 Bg7 11. Rb1 a5 12. Nd2 d6 13. Nde4 f5 14. Nd2 Kh7 15. Nd5 Nd4 16. e3 Ne6 17. b4 axb4 18. axb4 cxb4 19. Rxb4 Nc5 20. Qc2 Bd7 21. Nb6 Ra3 22. Nb3 Bc6 23. Bd5 Na6 24. Qc3 Nxb4 25.
Qxb4 Ra6 26. Bxc6 bxc6 27. Na4 Qb8 28. Qa3 Qa8 29. Ra1 Rb8 30. Nd2 c5 31. Nb1 Rxa4 0-1

[Event "Early-Titled-Tuesday-Blitz-January-30-2024"]
[Site "Chess.com"]
[Date "2024.01.30"]
[Round "7"]
[White "Jojo_898"]
[Black "GeorgiosSouleidis"]
[Result "0-1"]
[WhiteElo "2442"]
[BlackElo "2643"]
[TimeControl "180+1"]
[EndTime "9:15:29 PST"]
[Termination "GeorgiosSouleidis won by checkmate"]

1. e4 c5 2. Nf3 e6 3. c3 d5 4. exd5 exd5 5. d4 Nc6 6. Bd3 Bd6 7. O-O Nge7 8. dxc5 Bxc5 9. Qc2 h6 10. h3 O-O 11. Nbd2 a6 12. Nb3 Ba7 13. Bf4 Be6 14.
Rad1 Rc8 15. Qe2 Bf5 16. Bxf5 Nxf5 17. Qd3 Nfe7 18. Nfd4 Qd7 19. Qg3 Ng6 20. Be3 Bb8 21. Qf3 Nce5 22. Qh5 Qd6 23. Nf5 Nf3+ 24. Qxf3 Qh2# 0-1

[Event "Early-Titled-Tuesday-Blitz-January-30-2024"]
[Site "Chess.com"]
[Date "2024.01.30"]
[Round "7"]
[White "SmirnovTimofey2000"]
[Black "Quattroporte300"]
[Result "0-1"]
[WhiteElo "1935"]
[BlackElo "2383"]
[TimeControl "180+1"]
[EndTime "9:15:39 PST"]
[Termination "Quattroporte300 won by resignation"]

1. e4 c5 2. c3 d5 3. exd5 Qxd5 4. d4 Nf6 5. Nf3 e6 6. Be2 Nc6 7. Na3 Be7 8. O-O O-O 9. Nb5 Qd8 10. dxc5 Bxc5 11.
Bg5 a6 12. Qxd8 Rxd8 13. Bxf6 gxf6 14. Nc7 Rb8 15. Rad1 Bd7 16. Bxa6 bxa6 17. Nxa6 Rb5 18. Rd6 Bxd6 0-1

[Event "Early-Titled-Tuesday-Blitz-January-30-2024"]
[Site "Chess.com"]
[Date "2024.01.30"]
[Round "7"]
[White "MoreChessJulia"]
[Black "Kostukov_Alex"]
[Result "0-1"]
[WhiteElo "2117"]
[BlackElo "2307"]
[TimeControl "180+1"]
[EndTime "9:15:46 PST"]
[Termination "Kostukov_Alex won by resignation"]

1. d4 g6 2. h4 h5 3. Bg5 Bg7 4. e3 c5 5. c3 Nf6 6. Nd2 O-O 7.
Ngf3 cxd4 8. exd4 d5 9. Bd3 Nc6 10. O-O Bg4 11. Re1 Rb8 12. Qc2 b5 13. a3 Na5 14.
Nh2 Be6 15. f4 Qd7 16. Rf1 Bf5 17. Bxf5 Qxf5 18. Qxf5 gxf5 19. Rfe1 e6 20. g3 Nc4 21. Rab1 Rfe8 22. Nxc4 bxc4 23. Re2 Ne4 24. Rxe4 fxe4 25. f5 exf5 26. Nf1 Rb7 27. Ne3 Reb8 28. Nxd5 Rxb2 29. Rxb2 Rxb2 30. Ne3 Rb1+ 31. Kf2 Rc1 32. Nxc4 Rxc3 33. Nd6 Bxd4+ 34. Kg2 Rc2+ 35. Kh3 Rf2 0-1

[Event "Early-Titled-Tuesday-Blitz-January-30-2024"]
[Site "Chess.com"]
[Date "2024.01.30"]
[Round "7"]
[White "Balla_Tamas"]
[Black "LuisFSiles"]
[Result "1-0"]
[WhiteElo "2420"]
[BlackElo "2236"]
[TimeControl "180+1"]
[EndTime "9:15:51 PST"]
[Termination "Balla_Tamas won by resignation"]

1. e4 c5 2. c3 d5 3. exd5 Nf6 4. d4 cxd4 5. cxd4 Nxd5 6. Nf3 g6 7. Nc3 Bg7 8. Bc4 Nxc3 9. bxc3 O-O 10. O-O Nc6 11. Bb3 Na5 12. Re1 Bd7 13. Ba3 Re8 14. Ng5 e6 15. Ne4 Bc6 16. Nd6 Qg5 17. f3 Red8 18.
Nxf7 Kxf7 19. Bxe6+ Kf6 20. d5 Re8 21. Qd4+ 1-0

[Event "Early-Titled-Tuesday-Blitz-January-30-2024"]
[Site "Chess.com"]
[Date "2024.01.30"]
[Round "7"]
[White "GAusal"]
[Black "whiteglovethief"]
[Result "1-0"]
[WhiteElo "2296"]
[BlackElo "2483"]
[TimeControl "180+1"]
[EndTime "9:15:53 PST"]
[Termination "GAusal won by resignation"]

1. e4 c5 2. Nf3 d6 3. Nc3 Nc6 4. Bb5 Bd7 5. d4 Nxd4 6. Bxd7+ Qxd7 7. Nxd4 cxd4 8. Qxd4 Nf6 9. Bg5 e6 10. Bxf6 gxf6 11. Qxf6 Rg8 12. O-O Bg7 13. Qh4 Qe7 14.
Qxh7 O-O-O 15. Rfd1 Be5 16. Qh3 Rh8 17. Qe3 Bxh2+ 18.
Kf1 Kb8 19. Nb5 b6 20. g3 Qf6 21. Rxd6 Rxd6 22. Nxd6 Qxb2 23. Rd1 Bxg3 24. Qxg3 Rh1+ 25. Ke2 Qxc2+ 26. Rd2 Qc7 27. Qg8+ 1-0

[Event "Early-Titled-Tuesday-Blitz-January-30-2024"]
[Site "Chess.com"]
[Date "2024.01.30"]
[Round "7"]
[White "Predator0608"]
[Black "Aanna12"]
[Result "1-0"]
[WhiteElo "2478"]
[BlackElo "2304"]
[TimeControl "180+1"]
[EndTime "9:16:01 PST"]
[Termination "Predator0608 won by resignation"]

1. f4 d6 2. Nf3 Nd7 3. e4 g6 4. d4 Bg7 5. Bd3 c5 6. c3 e5 7. Be3 cxd4 8. cxd4 exd4 9. Bxd4 Bxd4 10. Nxd4 Nc5 11. Nc3 Qh4+ 12. g3 Qg4 13. Nd5 Qxd1+ 14.
Rxd1 Bg4 15. Be2 Bxe2 16. Kxe2 O-O-O 17. Kf3 Re8 18. Nb5 Nxe4 19. Nbc7 1-0

[Event "Early-Titled-Tuesday-Blitz-January-30-2024"]
[Site "Chess.com"]
[Date "2024.01.30"]
[Round "7"]
[White "Alex_Sahakyan2006"]
[Black "Ginger_GM"]
[Result "1-0"]
[WhiteElo "2871"]
[BlackElo "2681"]
[TimeControl "180+1"]
[EndTime "9:16:02 PST"]
[Termination "Alex_Sahakyan2006 won by resignation"]

1. e4 g6 2. d4 Bg7 3. Nc3 d6 4. f4 Nf6 5. Nf3 O-O 6. e5 Nfd7 7.
h4 c5 8. h5 cxd4 9. Qxd4 Nc6 10. Qf2 dxe5 11. hxg6 exf4 12. gxf7+ Rxf7 13. Ng5 Rf5 14. Bc4+ e6 15. Bxe6+ Kf8 16. Nxh7+ Ke7 17. Bxf5 Qa5 18.
Qxf4 1-0

[Event "Early-Titled-Tuesday-Blitz-January-30-2024"]
[Site "Chess.com"]
[Date "2024.01.30"]
[Round "7"]
[White "baki83"]
[Black "mr65"]
[Result "1-0"]
[WhiteElo "2788"]
[BlackElo "1933"]
[TimeControl "180+1"]
[EndTime "9:16:07 PST"]
[Termination "baki83 won by checkmate"]

1. e4 e5 2. Nf3 Nc6 3. Bb5 a6 4. Ba4 Nf6 5. O-O Be7 6. Re1 b5 7. Bb3 O-O 8. a4 b4 9. d3 d6 10. Nbd2 Na5 11. Ba2 c5 12. c3 Rb8 13. h3 h6 14. d4 bxc3 15. bxc3 cxd4 16. cxd4 d5 17.
Nxe5 dxe4 18. Nxe4 Nxe4 19. Rxe4 Bb7 20. Rg4 h5 21.
Rg3 h4 22. Rxg7+ Kxg7 23. Qg4+ Kh8 24. Qh5+ Kg7 25. Bh6+ Kg8 26. Qg6+ Kh8 27. Qg7# 1-0

[Event "Early-Titled-Tuesday-Blitz-January-30-2024"]
[Site "Chess.com"]
[Date "2024.01.30"]
[Round "7"]
[White "Kildepiotr"]
[Black "aistrel"]
[Result "1-0"]
[WhiteElo "2675"]
[BlackElo "2510"]
[TimeControl "180+1"]
[EndTime "9:16:08 PST"]
[Termination "Kildepiotr won by resignation"]

1. Nf3 d5 2. g3 Nc6 3. Bg2 e5 4. d3 Bf5 5. O-O Qd7 6. c4 d4 7. Qb3 Na5 8. Qb5 Qxb5 9. cxb5 O-O-O 10. Bd2 b6 11. Nxe5 Be6 12. b4 Nb7 13. Nc6 Nd6 14. a4 Re8 15. Nxa7+ Kd8 16. a5 Nf6 17. a6 Bd5 18. Nc6+ Kc8 19. Bh3+ Be6 20. Bxe6+ Rxe6 21. a7 1-0

[Event "Early-Titled-Tuesday-Blitz-January-30-2024"]
[Site "Chess.com"]
[Date "2024.01.30"]
[Round "7"]
[White "Susal_De_Silva"]
[Black "KVAIDAN"]
[Result "1-0"]
[WhiteElo "2755"]
[BlackElo "2378"]
[TimeControl "180+1"]
[EndTime "9:16:09 PST"]
[Termination "Susal_De_Silva won by resignation"]

1. Nf3 f5 2. c4 Nf6 3. Nc3 d6 4. d4 e6 5. g3 Be7 6. Bg2 O-O 7. O-O a5 8. Qc2 Nc6 9. Rd1 Qe8 10. b3 e5 11. dxe5 dxe5 12. Nd5 Bd8 13. Bb2 e4 14. Bxf6 Bxf6 15. Nxc7 Qg6 16. Nxa8 Bxa1 17. Rxa1 exf3 18. Bxf3 Nb4 19. Qd2 f4 20. Nc7 fxg3 21. hxg3 Bg4 22. Bxg4 Qxg4 23. Nd5 Nc6 24. Ne3 Qg6 25. Rd1 h6 26.
Nd5 Qf5 27. Qe3 Kh8 28. f3 Rd8 29. Kg2 Nb4 30. Ne7 Rxd1 31. Nxf5 Nc2 32. Qe7 1-0

[Event "Early-Titled-Tuesday-Blitz-January-30-2024"]
[Site "Chess.com"]
[Date "2024.01.30"]
[Round "7"]
[White "Bushonica"]
[Black "NM_Antelacus"]
[Result "0-1"]
[WhiteElo "1822"]
[BlackElo "2240"]
[TimeControl "180+1"]
[EndTime "9:16:09 PST"]
[Termination "NM_Antelacus won by resignation"]

1. e4 c5 2. d4 cxd4 3. Qxd4 Nc6 4.
Qe3 e5 5. Nf3 Nf6 6. Nc3 d6 7. Bb5 Be7 8. O-O O-O 9. a4 a6 10. Bxc6 bxc6 11. Bd2 Qc7 12. Rad1 h6 13. h3 Be6 14. b3 Rfe8 15. Nh2 d5 16. exd5 cxd5 17.
Qe2 Bb4 18. Na2 Bxd2 19. Qxd2 Rad8 20. c3 d4 21. cxd4 Bxb3 22. Nb4 Bxd1 0-1

[Event "Early-Titled-Tuesday-Blitz-January-30-2024"]
[Site "Chess.com"]
[Date "2024.01.30"]
[Round "7"]
[White "Laico"]
[Black "jens1102"]
[Result "1-0"]
[WhiteElo "2387"]
[BlackElo "2562"]
[TimeControl "180+1"]
[EndTime "9:16:21 PST"]
[Termination "Laico won by checkmate"]

1. e4 c5 2. Nc3 Nc6 3. f4 g6 4. Nf3 Bg7 5. Bb5 d6 6. Bxc6+ bxc6 7. d3 Nf6 8. O-O O-O 9. Qe1 Rb8 10. Rb1 Re8 11.
Qh4 e6 12. f5 exf5 13. Bg5 h6 14. Bxh6 Ng4 15. Bg5 Qa5 16. exf5 Bxf5 17. h3 Ne3 18. Bxe3 Rxe3 19. Ng5 Qb4 20. g4 Qd4 21. Kh1 c4 22. Qh7+ Kf8 23. gxf5 Qf6 24. fxg6 Qxg5 25. Rxf7+ Ke8 26.
Qg8+ Bf8 27. Qxf8# 1-0

[Event "Early-Titled-Tuesday-Blitz-January-30-2024"]
[Site "Chess.com"]
[Date "2024.01.30"]
[Round "7"]
[White "VitaliyBernadskiy"]
[Black "AlexTruskavetsky"]
[Result "1-0"]
[WhiteElo "2906"]
[BlackElo "2691"]
[TimeControl "180+1"]
[EndTime "9:16:30 PST"]
[Termination "VitaliyBernadskiy won by resignation"]

1. e4 c5 2. Nf3 Nc6 3. b3 e5 4. Bb2 d6 5. Nc3 g6 6. Bb5 Bg7 7. O-O Ne7 8. a4 O-O 9. h3 a6 10. Bc4 h6 11. Nd5 Kh8 12. Nxe7 Nxe7 13. a5 f5 14. d3 f4 15. b4 cxb4 16. Qd2 g5 17. Qxb4 Nc6 18. Qb6 Qf6 19. Ba3 h5 20. h4 g4 21. Ng5 Bh6 22. Qc7 Bxg5 23. hxg5 Qxg5 24. Qxd6 Rd8 25. Qc5 Nd4 26. g3 Be6 27. Bxe6 Nxe6 28. Qe7 Re8 29. Qxg5 Nxg5 30. Rab1 Rab8 31. Kg2 Rec8 32.
Bd6 f3+ 33. Kh2 Ra8 34. Bxe5+ Kh7 35. Rxb7+ Kh6 36. Bf4 Rc6 37. Rb6 Rc8 38. Rfb1 Kg6 39.
Rxc6+ Rxc6 40. Rb6 Re6 41. Bxg5 1-0

[Event "Early-Titled-Tuesday-Blitz-January-30-2024"]
[Site "Chess.com"]
[Date "2024.01.30"]
[Round "7"]
[White "DefiantChair"]
[Black "LornerAcosta"]
[Result "1-0"]
[WhiteElo "2585"]
[BlackElo "2400"]
[TimeControl "180+1"]
[EndTime "9:16:31 PST"]
[Termination "DefiantChair won by resignation"]

1. e4 c5 2. Nf3 Nc6 3. d4 cxd4 4.
Nxd4 Nf6 5. Nc3 e6 6. Ndb5 Bb4 7. a3 Bxc3+ 8. Nxc3 d5 9. exd5 exd5 10. Bd3 O-O 11. O-O d4 12. Ne2 Bg4 13. f3 Bh5 14. Nf4 Bg6 15.
Nxg6 hxg6 16. f4 Qd6 17. Qf3 Rfe8 18. Bd2 Nd5 19. Rae1 Ne3 20. Bxe3 dxe3 21. Rxe3 Qd4 22. Re1 Rxe3 23. Qxe3 Qxb2 24. f5 gxf5 25. Bxf5 Qxa3 26.
Qxa3 1-0

[Event "Early-Titled-Tuesday-Blitz-January-30-2024"]
[Site "Chess.com"]
[Date "2024.01.30"]
[Round "7"]
[White "Shield12"]
[Black "Legendinunknown"]
[Result "0-1"]
[WhiteElo "2988"]
[BlackElo "2848"]
[TimeControl "180+1"]
[EndTime "9:16:47 PST"]
[Termination "Legendinunknown won by resignation"]

1. e4 e5 2. Nf3 Nc6 3. Bb5 a6 4. Ba4 d6 5. O-O Bg4 6. h3 h5 7. Bxc6+ bxc6 8. d4 Bxf3 9. Qxf3 exd4 10. Rd1 Qf6 11. Qxf6 Nxf6 12. Rxd4 c5 13. Ra4 g6 14. b3 Bg7 15. Bb2 O-O 16. Nd2 Rfe8 17. Re1 Nxe4 18.
Rexe4 Rxe4 19. Rxe4 Bxb2 20. Re7 Rc8 21. Nc4 Bf6 22.
Re3 d5 23. Na5 c6 24. Nb7 Bd4 25. Re7 Kf8 26. Rxf7+ Kxf7 27. Nd6+ Ke6 28. Nxc8 c4 29.
bxc4 dxc4 30. c3 Bc5 0-1

[Event "Early-Titled-Tuesday-Blitz-January-30-2024"]
[Site "Chess.com"]
[Date "2024.01.30"]
[Round "7"]
[White "Hikaru"]
[Black "eagleclaw07"]
[Result "1-0"]
[WhiteElo "3275"]
[BlackElo "2749"]
[TimeControl "180+1"]
[EndTime "9:16:54 PST"]
[Termination "Hikaru won by resignation"]

1. Nf3 Nf6 2. b3 b6 3. g3 Bb7 4. Bb2 e6 5. Bg2 Be7 6. O-O O-O 7. c4 d5 8. d3 c5 9. e3 Nbd7 10. Qe2 Qc7 11. Nc3 Rad8 12. Rfd1 Rfe8 13. d4 dxc4 14. bxc4 cxd4 15. exd4 Rc8 16. Nd2 Bxg2 17. Kxg2 a6 18. Rac1 Bb4 19. Nce4 Bxd2 20. Nxd2 b5 21. c5 e5 22. c6 Nb8 23. dxe5 Nxc6 24. Qf3 Nd7 25. Nb3 Qb7 26. Rd6 Re6 27. Na5 Nxa5 28. Qxb7 Nxb7 29. Rxc8+ Nf8 30. Rxe6 fxe6 31. Ba3 b4 32. Bxb4 1-0

[Event "Early-Titled-Tuesday-Blitz-January-30-2024"]
[Site "Chess.com"]
[Date "2024.01.30"]
[Round "7"]
[White "LimeInTheCoconut"]
[Black "tolia123"]
[Result "1-0"]
[WhiteElo "2471"]
[BlackElo "2158"]
[TimeControl "180+1"]
[EndTime "9:16:54 PST"]
[Termination "LimeInTheCoconut won by resignation"]

1. e4 c5 2. Nf3 Nc6 3. Bb5 g6 4.
O-O Bg7 5. Re1 e6 6. Bxc6 bxc6 7.
e5 Ne7 8. Nc3 O-O 9. Ne4 Qb6 10.
b3 Nf5 11. Ba3 d6 12. exd6 Rd8 13. Bxc5 Qb5 14. c4 Qa5 15. d4 Bf8 16. Ne5 Bb7 17.
d7 Bxc5 18. dxc5 Qc7 19. f4 Kg7 20. g4 Ne7 21. Qd6 Qxd6 22. Nxd6 Ba6 23. g5 Nf5 24. Nxf5+ exf5 25. Rad1 Rab8 26. Nxc6 1-0

[Event "Early-Titled-Tuesday-Blitz-January-30-2024"]
[Site "Chess.com"]
[Date "2024.01.30"]
[Round "7"]
[White "Viktor_Poddubnyi"]
[Black "ricaurtelopezj1955"]
[Result "1-0"]
[WhiteElo "2310"]
[BlackElo "2139"]
[TimeControl "180+1"]
[EndTime "9:16:56 PST"]
[Termination "Viktor_Poddubnyi won by resignation"]

1. e4 e6 2. d4 d5 3. Nd2 c5 4.
exd5 Qxd5 5. Ngf3 cxd4 6. Bc4 Qd6 7. O-O Nc6 8. Nb3 Nf6 9. Nbxd4 Nxd4 10. Qxd4 Qxd4 11.
Nxd4 Bd7 12. Be2 Rc8 13. Bf3 e5 14. Re1 Bd6 15. Bxb7 Rc4 16. Nf3 Rxc2 17. Nxe5 Be6 18. Bc6+ Ke7 19. Ba4 Rc5 20. Nd3 Rf5 21. Bb3 Rb8 22. h3 a5 23. Bd2 a4 24. Bxa4 Rxb2 25. Nxb2 1-0

[Event "Early-Titled-Tuesday-Blitz-January-30-2024"]
[Site "Chess.com"]
[Date "2024.01.30"]
[Round "7"]
[White "Casper"]
[Black "Matols"]
[Result "0-1"]
[WhiteElo "2525"]
[BlackElo "2400"]
[TimeControl "180+1"]
[EndTime "9:16:59 PST"]
[Termination "Matols won by resignation"]

1. Nf3 d5 2. b3 Nf6 3. Bb2 g6 4. e3 Bg7 5. c4 c6 6. Be2 O-O 7. O-O Bg4 8. a4 a5 9. d3 Na6 10. Ne5 Bxe2 11. Qxe2 Nd7 12. f4 Nb4 13. Nd2 Nxe5 14.
fxe5 dxc4 15. Nxc4 Qxd3 16. Qxd3 Nxd3 17. Bc3 b5 18. axb5 cxb5 19. Nxa5 Nxe5 20. Bd4 Rfc8 21. Nb7 Rxa1 22. Rxa1 Nd3 23. Kf1 Bxd4 24. exd4 Rc7 25. Ra8+ Kg7 26. Rb8 Rc2 27. Na5 Rf2+ 28. Kg1 Ra2 0-1

[Event "Early-Titled-Tuesday-Blitz-January-30-2024"]
[Site "Chess.com"]
[Date "2024.01.30"]
[Round "7"]
[White "GatoRojo150"]
[Black "falzehope0"]
[Result "1-0"]
[WhiteElo "2589"]
[BlackElo "2390"]
[TimeControl "180+1"]
[EndTime "9:17:04 PST"]
[Termination "GatoRojo150 won on time"]

1. e4 d6 2. d4 Nf6 3. Nc3 Nbd7 4. Nf3 e5 5. g4 h6 6. Bc4 Be7 7. g5 hxg5 8. Nxg5 O-O 9. Rg1 Nb6 10. dxe5 Nxc4 11.
exf6 Bxf6 12. Qh5 Bxg5 13. Bxg5 f6 14. Bh6 Rf7 15. Qd5 Ne5 16. Rxg7+ Kh8 17. Rxf7 c6 18.
Qb3 Nxf7 19. Qxf7 Qg8 20. Qxf6+ Kh7 21. O-O-O Bg4 22. Be3 1-0

[Event "Early-Titled-Tuesday-Blitz-January-30-2024"]
[Site "Chess.com"]
[Date "2024.01.30"]
[Round "7"]
[White "TigrVShlyape"]
[Black "Roman_Ovetchkin"]
[Result "1-0"]
[WhiteElo "2934"]
[BlackElo "2665"]
[TimeControl "180+1"]
[EndTime "9:17:17 PST"]
[Termination "TigrVShlyape won by resignation"]

1. e4 c6 2. Nf3 d5 3. d3 Qc7 4.
Nc3 dxe4 5. dxe4 b5 6. a4 b4 7. Ne2 e5 8. Ng3 Nf6 9. Bc4 Ba6 10. Qe2 Bxc4 11. Qxc4 Nbd7 12. O-O Nb6 13. Qa6 Bc5 14. Bg5 Nfd7 15. Nf5 O-O 16. a5 Nc8 17. Rad1 f6 18. Qc4+ Rf7 19. Bxf6 Nd6 20. Nxd6 Bxd6 21. Ng5 1-0

[Event "Early-Titled-Tuesday-Blitz-January-30-2024"]
[Site "Chess.com"]
[Date "2024.01.30"]
[Round "7"]
[White "NewYearGirl"]
[Black "DrCeltic"]
[Result "0-1"]
[WhiteElo "2356"]
[BlackElo "2540"]
[TimeControl "180+1"]
[EndTime "9:17:19 PST"]
[Termination "DrCeltic won by resignation"]

1. e4 c5 2. Nf3 e6 3. d4 cxd4 4. Nxd4 Nf6 5. Nc3 d6 6. g4 h6 7. h4 Nc6 8. g5 hxg5 9. Bxg5 Qa5 10.
Nxc6 bxc6 11. Qd2 Rb8 12. O-O-O d5 13. b3 Bb4 14. Rh3 Nxe4 15. Qf4 Qa3+ 16. Kb1 Nxc3+ 17. Rxc3 Bxc3 18. Qc1 Qxc1+ 19. Kxc1 f6 20. Be3 Rxh4 21. a4 d4 22. Bd2 Bxd2+ 23. Rxd2 Rh1 24. Rd1 e5 25.
Kd2 Bf5 26. Ra1 Ke7 0-1

[Event "Early-Titled-Tuesday-Blitz-January-30-2024"]
[Site "Chess.com"]
[Date "2024.01.30"]
[Round "7"]
[White "SahibSinghKnight"]
[Black "adotand"]
[Result "1-0"]
[WhiteElo "2672"]
[BlackElo "2824"]
[TimeControl "180+1"]
[EndTime "9:17:20 PST"]
[Termination "SahibSinghKnight won by resignation"]

1. e4 c5 2. Nf3 a6 3. c4 e6 4. Nc3 d6 5. d4 cxd4 6. Nxd4 Nf6 7. Be2 Be7 8. Be3 O-O 9. O-O Qc7 10. f4 b6 11. Rc1 Bb7 12. Bf3 Nbd7 13. b4 Rac8 14. g4 h6 15. h4 h5 16. g5 Ng4 17.
Bxg4 hxg4 18. Qxg4 Rfe8 19. g6 Bf6 20. gxf7+ Kxf7 21.
f5 Nf8 22. fxe6+ Nxe6 23. Nd5 Qd8 24. Qh5+ Kg8 25. Nxf6+ gxf6 26. Qg6+ Kh8 27. Qh6+ Kg8 28. Rxf6 Ng7 29. Rg6 Rc7 30. Nf5 Ree7 31. Bd4 Bxe4 32. Nxe7+ 1-0

[Event "Early-Titled-Tuesday-Blitz-January-30-2024"]
[Site "Chess.com"]
[Date "2024.01.30"]
[Round "7"]
[White "dennisodessa"]
[Black "MFatigue"]
[Result "1-0"]
[WhiteElo "2615"]
[BlackElo "2461"]
[TimeControl "180+1"]
[EndTime "9:17:20 PST"]
[Termination "dennisodessa won by resignation"]

1. d4 d5 2. c4 c6 3. Nf3 Nf6 4. Nbd2 Bf5 5. Nh4 Bc8 6. e3 g5 7. Nhf3 h6 8. Bd3 Bg7 9. O-O O-O 10. b3 Bg4 11. Bb2 Re8 12. Qc2 Qd7 13. Ne5 Qc8 14. Nxg4 Qxg4 15. Bf5 Qh5 16. cxd5 cxd5 17. Qc7 e6 18.
Bd3 a6 19. Qxb7 Nbd7 20. Rac1 Bf8 21. Qc7 e5 22. dxe5 Ng4 23. Nf3 Nc5 24. Bf5 Ne6 25. Bxe6 Rxe6 26. h3 1-0

[Event "Early-Titled-Tuesday-Blitz-January-30-2024"]
[Site "Chess.com"]
[Date "2024.01.30"]
[Round "7"]
[White "winniethepooh04"]
[Black "KorolDimitriy75"]
[Result "1-0"]
[WhiteElo "2532"]
[BlackElo "2347"]
[TimeControl "180+1"]
[EndTime "9:17:20 PST"]
[Termination "winniethepooh04 won on time"]

1. d4 Nf6 2. Nf3 g6 3. Bf4 c5 4. e3 Qb6 5. Qc1 d5 6. c3 Nc6 7. Nbd2 Bg7 8. h3 O-O 9. Be2 Rd8 10. O-O Bf5 11. Nb3 Ne4 12. Rd1 Rac8 13. dxc5 Nxc5 14.
Nxc5 Qxc5 15. Bh2 h6 16. Qd2 a5 17. a4 e5 18. Bb5 Qe7 19. Qe2 Kh7 20. Rd2 Be4 21.
Rad1 Bxf3 22. Qxf3 d4 23. Bxc6 Rxc6 24. exd4 exd4 25.
cxd4 Rxd4 26. Bf4 Rxd2 27. Rxd2 Qe1+ 28. Kh2 Rc1 29. Rd7 Qg1+ 30. Kg3 Rc5 31. Rxf7 Rf5 32. Rxf5 gxf5 33. Qh5 Qb1 34. f3 1-0

[Event "Early-Titled-Tuesday-Blitz-January-30-2024"]
[Site "Chess.com"]
[Date "2024.01.30"]
[Round "7"]
[White "jcibarra"]
[Black "BilodeauA"]
[Result "1-0"]
[WhiteElo "2883"]
[BlackElo "3019"]
[TimeControl "180+1"]
[EndTime "9:17:21 PST"]
[Termination "jcibarra won by resignation"]

1. e4 c5 2. Nf3 Nc6 3. Nc3 d6 4. d4 cxd4 5. Nxd4 Nf6 6. Nd5 e6 7. Nxf6+ Qxf6 8. Nb5 Qd8 9. c4 a6 10. Nc3 Be7 11. Be2 O-O 12. O-O b6 13. Be3 Ne5 14.
f4 Nd7 15. Rc1 Bb7 16. b4 Rc8 17. a3 Qc7 18. Bd3 Rfe8 19. Qd2 Qb8 20. h3 Qa8 21. Rfe1 Bf6 22. Bf2 Be7 23. Bf1 Nf6 24. Bd3 Bd8 25. e5 dxe5 26. fxe5 Nd7 27. Bxh7+ Kxh7 28. Qxd7 Re7 29.
Qd3+ Kg8 30. Ne4 Bc7 31. Bh4 Bxe4 32. Rxe4 Ree8 33. Bf6 Bd8 34. Rg4 Bxf6 35. exf6 Red8 36. Rxg7+ Kf8 37. Qh7 Ke8 38. Rxf7 1-0

[Event "Early-Titled-Tuesday-Blitz-January-30-2024"]
[Site "Chess.com"]
[Date "2024.01.30"]
[Round "7"]
[White "Zohid6"]
[Black "GOGIEFF"]
[Result "0-1"]
[WhiteElo "2862"]
[BlackElo "2993"]
[TimeControl "180+1"]
[EndTime "9:17:22 PST"]
[Termination "GOGIEFF won by checkmate"]

1. d4 Nf6 2. Nc3 d5 3. Bf4 a6 4. e3 Bf5 5. f3 e6 6. g4 Bg6 7. h4 h5 8. g5 Nfd7 9. e4 c5 10. exd5 cxd4 11. Qxd4 e5 12. Qe3 Bc5 13.
Qe2 O-O 14. Be3 Qb6 15. Bxc5 Qxb2 16. Nd1 Qxa1 17. Bxf8 Nxf8 18. Nh3 Nbd7 19. Nf2 Rc8 20. c4 b5 21. Qb2 Qxb2 22. Nxb2 Nb6 23. cxb5 Rc2 24.
Nfd1 axb5 25. Bxb5 Nxd5 26. Ba4 Rg2 27. Bb3 Nf4 28.
Bc4 N8e6 29. a4 Nd4 30. Rf1 Nc2# 0-1